woodfighter, lawful female human Archeologist ------------- |...........| ------ |.....%.....+# ----- ------ #-....| |...........|# |...| #-.....####|....| ---------.---# |...-#######|....|####.....| ---- ## # |...|#######+....|# --|-|- |..| # # |...+# |....|* # # |..| ########## # -|--- |....|# # |.(| -.---- # ## ------# # |..| |....| #------------ # ####### ### #-)<| |....| #|..........| #########################*####### ###|..| |.....##########|..........| # -.-. # ---- |....| #|...........## # |...|### |....| #...........| # # ^ |.II|# |....| #------------ ##[ -|-|- |..[I# ------ ##########*###%#[#|...| ----- [#..).| |...| ----- woodfighter the Exhumer Experience level: 10 Strength: 13 Dexterity: 16 Constitution: 14 Intelligence: 18 Wisdom: 14 Charisma: 12 Health: 0(64) Energy: 44(44) Def: 18 Gold: 0 Moves: 13469 Dungeon seed: W6deApEpm_j0YMLG Game ID: woodfighter_1597429157 Your Inventory: Weapons a - a very rusty +0 dwarvish mattock (weapon in hands) v - a +0 sling (alternate weapon; not wielded) Armor e - an uncursed +0 red dragon scale mail (being worn) r - an uncursed +0 orcish helm (being worn) z - an uncursed +1 pair of gauntlets of dexterity (being worn) I - an uncursed +0 dwarvish cloak (being worn) N - an uncursed -1 pair of leather gloves U - an uncursed +0 pair of leather gloves V - an uncursed +0 pair of speed boots (being worn) Comestibles k - a cursed lizard corpse l - 3 cursed sprigs of wolfsbane J - 4 uncursed food rations Z - an uncursed lizard corpse Rings x - an uncursed ring of shock resistance (on left hand) L - an uncursed ring of polymorph control (on right hand) Wands d - a wand of fire (0:1) f - a wand of digging (0:5) g - a wand of teleportation (0:5) Tools s - an uncursed oilskin sack w - an uncursed magic whistle y - an uncursed skeleton key F - a fire horn (0:7) W - an uncursed towel Gems n - an uncursed flint (in quiver) q - an uncursed touchstone R - an uncursed luckstone Contents of the oilskin sack: 285 gold pieces a blessed +0 mummy wrapping a [uncursed] K-ration 5 [cursed] K-rations an uncursed lizard corpse 2 uncursed sprigs of wolfsbane a [uncursed] wand of create monster [0:14] a [uncursed] wand of magic missile [0:0] a [uncursed] wand of striking [0:5] a [cursed] wand of teleportation [0:6] Spells and supernatural/magical abilities: Name Level Category Fail Memory W - pray for help -- divine ? -- Your skills at the end: Miscellaneous Skills wands [Basic] Weapon Skills pick-axe [Expert] boomerang [Basic] whip [Basic] Spellcasting Skills Final Attributes: You were fervently aligned. You were fire resistant. You were cold resistant. You were shock resistant. You saw invisible. You were telepathic. You had automatic searching. You were invisible to others. You were somewhat stealthy. You were protected. You had polymorph control. You were very fast. You were lucky. You had extra luck. Bad luck did not time out for you. Good luck did not time out for you. You are dead (2nd time!). Vanquished creatures: a red dragon a ghost a queen bee 3 giant mimics 2 large mimics a wumpus a stalker an air elemental 3 sergeants 2 quantum mechanics a small mimic 2 warhorses a xan 2 large dogs a freezing sphere a large cat a gargoyle an energy vortex a red naga 4 Grey-elves an ettin zombie 10 soldiers a cockatrice 5 wolves 2 winter wolf cubs a black light 3 gremlins 3 leprechauns a quivering blob 2 lizards 2 mumakil 2 giant spiders an ice vortex 6 gnome kings an orc mummy an ogre 3 owlbears 2 yetis a dingo a housecat a jaguar 2 blue jellies a gnome mummy an ape 11 fire ants 2 yellow lights 4 bugbears 2 baby crocodiles 2 wood nymphs 10 Mordor orcs 3 Uruk-hai 2 rock piercers a pony 2 fog clouds 2 shriekers a violet fungus 12 gnome lords 5 gnomish wizards a black naga hatchling 2 golden naga hatchlings a guardian naga hatchling a barrow wight 3 elf zombies a ghoul a paper golem 3 giant ants 4 puppies 2 floating eyes 6 kittens 9 dwarves 3 homunculi a kobold shaman 5 iguanas 10 hill orcs 5 rothes 2 rabid rats a centipede 3 jitterbugs 4 giant bats a monkey 5 orc zombies 32 killer bees 2 coyotes a gas spore 5 hobbits 2 acid blobs 3 large kobolds 5 geckos 2 hobgoblins 2 giant rats 7 cave spiders a brown mold a yellow mold 3 red molds 57 gnomes 11 manes 3 gnome zombies 12 jackals 2 foxes 6 kobolds 5 newts 6 goblins 3 sewer rats 11 grid bugs 6 bats 10 lichens 6 kobold zombies 422 creatures vanquished. Voluntary challenges: You did not cause conflict. You did not have reflection. You were not displaced. You used a wielded weapon 1047 times, starting on turn 3. You did not apply a unicorn horn. You did not use plumbed fixtures. You did not drink any magical draughts. You read items or engraved 5 times, starting on turn 2117. You never genocided any monsters. You never polymorphed an object. You never changed form. You completed Sokoban on turn 5853, according to the rules. You used no wishes. You never split a pudding. You wrote Elbereth's name 1 time, starting on turn 2117. You never violated your personal moral code. Dungeon overview: The Dungeons of Doom: levels 1 to 16 Level 1 (box) a long staircase Level 2 (box) a fountain, a sink Level 3 Level 4 (water) some fountains stairs to The Gnomish Mines Level 5 many fountains Level 6 (water) a fountain stairs to Sokoban Level 7 an altar to Camaxtli, a fountain Level 8 Level 9 (vault) a fountain Level 10 Level 11 (quest) Level 12 an altar to Huhetotl Level 13 a sink Level 14 (water) Level 15 <- You were here Level 16 The Gnomish Mines: levels 5 to 13 Level 5 stairs to The Dungeons of Doom Level 6 Level 7 some shops, a temple to Huhetotl, a magic chest, some fountains Level 8 Level 9 (white uni) Level 10 Level 11 Level 12 Level 13 (Valerian) a magic chest, a fountain Sokoban: levels 2 to 5 Level 2 a magic chest Level 3 a delicatessen, a magic chest Level 4 Level 5 a magic chest stairs to The Dungeons of Doom History has recorded: On T:1 you entered the Dungeons of Doom to retrieve the Amulet of Yendor! On T:289 you reached level 2 of The Dungeons of Doom. On T:346 you reached level 3 of The Dungeons of Doom. On T:382 you advanced to experience level 2. On T:636 you reached level 4 of The Dungeons of Doom. On T:720 you advanced to experience level 3. On T:1072 you reached level 1 of The Gnomish Mines. On T:1075 you advanced to experience level 4. On T:1147 you reached level 5 of The Dungeons of Doom. On T:1242 you reached level 6 of The Dungeons of Doom. On T:1257 you prayed to Quetzalcoatl. On T:1423 you advanced to experience level 5. On T:1597 you reached level 7 of The Dungeons of Doom. On T:1766 you reached level 4 of Sokoban. On T:1917 you opened a magic chest. On T:2128 you advanced to experience level 6. On T:2697 you advanced to experience level 7. On T:3245 you reached level 2 of The Gnomish Mines. On T:3749 you reached level 3 of The Gnomish Mines. On T:3867 you prayed to Quetzalcoatl. On T:3897 you entered the Minetown temple On T:4109 you advanced to experience level 8. On T:4261 you reached level 4 of The Gnomish Mines. On T:4757 you reached level 3 of Sokoban. On T:4938 you reached level 2 of Sokoban. On T:5268 you reached level 1 of Sokoban. On T:5853 you advanced to experience level 9. On T:5853 you entered the Sokoban zoo. On T:6648 you reached level 8 of The Dungeons of Doom. On T:6810 you reached level 9 of The Dungeons of Doom. On T:6999 you reached level 10 of The Dungeons of Doom. On T:7322 you reached level 11 of The Dungeons of Doom. On T:7691 you prayed to Quetzalcoatl. On T:7951 you reached level 12 of The Dungeons of Doom. On T:8002 you prayed to Quetzalcoatl. On T:8237 you reached level 13 of The Dungeons of Doom. On T:8786 you reached level 14 of The Dungeons of Doom. On T:9176 you advanced to experience level 10. On T:9309 you reached level 15 of The Dungeons of Doom. On T:9392 you reached level 16 of The Dungeons of Doom. On T:9500 you prayed to Quetzalcoatl. On T:10970 you reached level 5 of The Gnomish Mines. On T:10995 you reached level 6 of The Gnomish Mines. On T:11431 you reached level 7 of The Gnomish Mines. On T:11568 you reached level 8 of The Gnomish Mines. On T:11617 you reached level 9 of The Gnomish Mines. On T:11617 you reached the bottom of the Mines. On T:13439 you prayed to Quetzalcoatl. On T:13455 you were saved from death by your amulet of life saving! Score breakdown: Gold: 285 ( 28 points) Experience: 10 levels ( 900 points) Exploration: 16 levels ( 450 points) Discoveries: 61 items ( 2000 points) Variety of kills: 107 monsters ( 2000 points) Major goal: Sokoban/Mines ( 1500 points) Survival: died (score multiplied by 3) Total score: 20634 Latest messages: The soldier misses. You hit the soldier! (2x) The soldier zaps a runed wand! The sleep ray whizzes by you! The sleep ray hits you! The sleep ray hits something. Something slashes you! Something stabs you! Something slashes you! (2x) Something stabs you! (2x) Something hacks you! (2x) Something misses. Something hacks you! (2x) You die... But wait... Your medallion feels warm! You feel much better! The medallion crumbles to dust! You survived that attempt on your life. You hit the soldier. (2x) The soldier zaps a wand of sleep! The sleep ray hits you! Something is caught in the sleeping gas! Something jabs you! (9x) Something misses. (2x) Something jabs you! You die... Final status: Goodbye woodfighter the Archeologist, killed by a soldier, while sleeping... You died in The Dungeons of Doom on dungeon level 15 with 20634 points, and 285 pieces of gold, after 13469 moves. You were level 10 with a maximum of 64 hit points when you died.